 Dungeon Crawl Stone Soup version 0.29.1-15-g9cfb28693d (webtiles) character file.

Game seed: 14006857039573594094

260 CatalinOSBI the Chopper (level 5, -1/48 HPs)
             Began as a Minotaur Berserker on Mar 29, 2023.
             Was a Believer of Trog.
             Slain by a jelly (2 damage)
             ... on level 4 of the Dungeon.
             The game lasted 00:11:32 (3726 turns).

CatalinOSBI the Chopper (Minotaur Berserker)        Turns: 3726, Time: 00:11:32

Health: -1/48      AC: -2    Str: 23    XL:     5   Next: 95%
Magic:  4/4        EV: 11    Int:  4    God:    Trog [**....]
Gold:   157        SH:  0    Dex: 10    Spells: 4/4 levels left

rFire   . . .      SeeInvis .   a - +1 hand axe
rCold   . . .      Faith    .   (no shield)
rNeg    . . .      Spirit   .   e - +0 ring mail
rPois   .          Reflect  .   (helmet restricted)
rElec   .          Harm     .   (no cloak)
rCorr   .          Rampage  .   (no gloves)
Will    .....                   (no boots)
Stlth   ..........              (no amulet)
HPRegen 0.16/turn               r - ring of flight
MPRegen 0.09/turn               (no ring)

@: lethally poisoned (-1 -> -3), corroded, flying
A: horns 2, retaliatory headbutt
a: Renounce Religion, Berserk, Trog's Hand


You were on level 4 of the Dungeon.
You worshipped Trog.
Trog was pleased with you.
You visited 1 branch of the dungeon, and saw 4 of its levels.

You collected 157 gold pieces.

Inventory:

Hand Weapons
 a - a +1 hand axe (weapon)
Armour
 b - a +1 animal skin
 e - a +0 ring mail (worn)
Jewellery
 r - a ring of flight (left hand)
Scrolls
 c - a scroll of acquirement {unknown}
 d - a scroll of fear {unknown}
 f - 2 scrolls of poison {unknown}
 g - 3 scrolls of identify
 i - a scroll of magic mapping
 j - 2 scrolls of vulnerability {unknown}
 m - a scroll of amnesia {unknown}
 n - a scroll of enchant weapon
Potions
 h - a potion of lignification {unknown}
 k - 2 potions of heal wounds {unknown}
 l - a potion of mutation {unknown}
 o - a potion of magic {unknown}
 p - a potion of curing {unknown}
 q - a potion of flight


   Skills:
 + Level 5.4 Fighting
 * Level 6.8 Axes
 - Level 2.5 Armour
 - Level 2.3 Dodging


You had 4 spell levels left.
You didn't know any spells.
Your spell library was empty.

Dungeon Overview and Level Annotations

Branches:
Dungeon (4/15)
 Temple: D:4-7

Altars:
Qazlal


Innate Abilities, Weirdness & Mutations

You have a pair of horns on your head.
You reflexively headbutt those who attack you in melee.


Message History

You fly downwards.
The adder hisses angrily.
The jelly quivers.
Found a stormy altar of Qazlal.
Found a stone staircase leading down.
There is a stone staircase leading up here.
There are monsters nearby!
A hound comes into view.
Found a leather armour.
The hound barks!
You completely miss the adder. You headbutt the adder.
The adder is lightly wounded.
The adder barely misses you.
You closely miss the adder.
The adder is lightly wounded.
The adder bites you.
You miss the adder.
The adder is lightly wounded.
You hit the jelly but do no damage.
Your hands burn!
The adder bites you.
You are poisoned.
The adder poisons you! The jelly hits you but does no damage.
The hound bites you but does no damage. The adder bites you.
You hit the adder. You headbutt the adder!
You kill the adder!
Trog accepts your kill.
You hit the hound. You hit the jelly.
Your hands burn!
You feel sick. The jelly closely misses you.
The hound bites you but does no damage.
You barely miss the hound.
The hound is moderately wounded.
You slash the jelly!
Your hands burn!
You feel sick. The hound closely misses you. The jelly hits you.
The acid corrodes you!
You are splashed with acid!
The hound bites you.
You feel sick. The jelly hits you.
* * * LOW HITPOINT WARNING * * *
The acid corrodes you!
You are splashed with acid!
* * * LOW HITPOINT WARNING * * *
The hound bites you.
* * * LOW HITPOINT WARNING * * *
* * * LOW HITPOINT WARNING * * *
You feel sick. The jelly hits you.
You die...

.. ##_ ### #[
#####8.. ...#.
...##...
#.#.###..#>..
.........##.
#......# #..J...#
#..h@<.#
.......##.........
####### #.........
..........
##.........
..........
..........
##.#+##....


You could see a hound and a jelly.

Vanquished Creatures
  An ogre (D:3)
  A jelly (D:2)
  An orc wizard (D:3)
  6 adders
  A dart slug (D:3)
  4 orcs (D:3)
  2 ball pythons (D:3)
  9 endoplasms
  A giant cockroach (D:2)
  4 goblins
  6 hobgoblins
  3 jackals (D:2)
  A kobold (D:1)
  3 quokkas
  5 bats
  4 frilled lizards
  6 rats
58 creatures vanquished.

Notes
Turn   | Place    | Note
-------+----------+-------------------------------------------
     0 | D:1      | CatalinOSBI the Minotaur Berserker began the quest for the
                  | Orb.
     0 | D:1      | Reached XP level 1. HP: 19/19 MP: 0/0
   480 | D:1      | Reached skill level 4 in Axes
   480 | D:1      | Reached XP level 2. HP: 27/27 MP: 1/1
  1274 | D:2      | Reached XP level 3. HP: 26/34 MP: 2/2
  1565 | D:2      | Reached skill level 5 in Axes
  1604 | D:2      | Reached ** piety under Trog
  1678 | D:2      | Reached XP level 4. HP: 41/41 MP: 3/3
  2185 | D:2      | Found a faded altar of an unknown god.
  2943 | D:3      | Noticed an ogre
  2951 | D:3      | Reached skill level 6 in Axes
  2951 | D:3      | Reached XP level 5. HP: 45/47 MP: 4/4
  2954 | D:3      | Killed an ogre
  2955 | D:3      | Reached skill level 5 in Fighting
  3715 | D:4      | Found a stormy altar of Qazlal.
  3725 | D:4      | HP: 2/48 [hound (4)]
  3726 | D:4      | Slain by a jelly

Illustrated notes

Levels and vault maps discovered:
D:1:      lemuel_arrival_cross, layout_basic, minmay_misc_feat_x,
          minmay_tree_intersection
D:2:      layout_basic, hellmonk_ecumenical_altar_inner_sanctum,
          kennysheep_generic_room_6
D:3:      layout_basic, st_stairs_2, minivault_23, chequers_arboretum
D:4:      layout_basic, nicolae_overflow_hidden_temple

Skill      XL: |  1  2  3  4  5 |
---------------+----------------+-----
Axes           | 4 5 6 |  6.8
Fighting       | 4 5 |  5.4
Armour         | |  2.5
Dodging        | |  2.3

Action                   |  1- 3 |  4- 6 || total
-------------------------+-------+-------++-------
Melee: Hand axe          |    59 |    54 ||   113
       Headbutt          |     9 |     9 ||    18
Invok: Berserk           |       |     1 ||     1
  Use: Scroll            |     6 |       ||     6
       Potion            |     1 |       ||     1
Armor: Animal skin       |     9 |       ||     9
       Ring mail         |       |    13 ||    13
Dodge: Dodged            |    29 |    24 ||    53
